 Dungeon Crawl Stone Soup version 0.29.0-4-gdea44cf6ec (webtiles) character file.

Game seed: 16324070141574768143

33 qw the Chopper (level 3, -3/21 HPs)
             Began as a Tengu Warper on Aug 28, 2022.
             Slain by a worm (7 damage)
             ... on level 2 of the Dungeon.
             The game lasted 00:00:08 (1853 turns).

qw the Chopper (Tengu Warper)                       Turns: 1853, Time: 00:00:08

Health: -3/21      AC:  5    Str: 13    XL:     3   Next: 29%
Magic:  7/7        EV: 11    Int: 13    God:
Gold:   62         SH:  0    Dex: 13    Spells: 6/6 levels left

rFire   . . .      SeeInvis .   Y - +0 hand axe
rCold   . . .      Faith    .   (no shield)
rNeg    . . .      Spirit   .   f - +0 ring mail
rPois   .          Reflect  .   (helmet restricted)
rElec   .          Harm     .   (no cloak)
rCorr   .          Rampage  .   (no gloves)
Will    .....                   (boots unavailable)
Stlth   +.........              (no amulet)
HPRegen 0.07/turn               (no ring)
MPRegen 0.10/turn               (no ring)

@: no status effects
A: beak, talons 3
a: no special abilities


You were on level 2 of the Dungeon.
You visited 1 branch of the dungeon, and saw 2 of its levels.

You collected 62 gold pieces.


Innate Abilities, Weirdness & Mutations

You have a beak for a mouth.
You have claws for feet.


   Skills:
 - Level 2.0 Fighting
 + Level 4.0 Axes
 - Level 1.0 Throwing
 - Level 1.1 Armour
 - Level 2.1 Dodging
 - Level 2.0 Spellcasting
 - Level 2.4 Translocations


You had 6 spell levels left.
You didn't know any spells.
Your spell library contained the following spells:

 Spells                   Type           Power      Damage    Failure   Level
 Blink                    Tloc           14%        N/A       30%         2
 Gell's Gravitas          Tloc           7%         N/A       52%         3
 Lesser Beckoning         Tloc           7%         N/A       52%         3
 Teleport Other           Tloc           7%         N/A       52%         3
 Manifold Assault         Tloc           7%         N/A       99%         5

Inventory:

Hand Weapons
 d - a +0 whip
 Y - a +0 hand axe (weapon)
Armour
 f - a +0 ring mail (worn)
 i - a +1 hat
Scrolls
 a - 2 scrolls of identify
 b - a scroll of noise {unknown}
Potions
 c - a potion of mutation {unknown}
 e - a potion of lignification {unknown}
 g - a potion of degeneration {unknown}
 h - 2 potions of flight {unknown}
 j - a potion of heal wounds {unknown}
 k - 2 potions of ambrosia {unknown}

Dungeon Overview and Level Annotations

Branches:
Dungeon (2/15)

Altars:

Shops:
D:1 *


Message History

There is a stone staircase leading down here.
You now have 50 gold pieces (gained 6).
You open the door.
There is an open door here.
You now have 62 gold pieces (gained 12).
You open the door.
A ball python and a worm come into view.
The ball python hisses angrily.
The worm moves out of view.
Enter note: You barely miss the ball python.
Your kick misses the ball python. The ball python barely misses you.
The ball python grabs you. The ball python constricts you.
You hit the ball python but do no damage.
The ball python closely misses you. The ball python constricts you.
The ball python closely misses you. The ball python constricts you.
You barely miss the ball python. You peck the ball python.
The ball python is moderately wounded.
The ball python bites you. The ball python constricts you.
You hit the ball python.
You kill the ball python!
You hit the worm.
The worm is moderately wounded.
You hit the worm but do no damage. You claw the worm.
Your peck misses the worm.
The worm is severely wounded.
The worm bites you!
You hit the worm but do no damage.
The worm is severely wounded.
You barely miss the worm. You peck the worm.
The worm is almost dead.
The worm bites you!
You barely miss the worm. You peck the worm.
The worm is almost dead.
The worm bites you.
You barely miss the worm.
The worm is severely wounded.
You hit the worm but do no damage. Your kick misses the worm.
The worm is severely wounded.
The worm bites you!
You die...

.#.###.#.#..#.............##.#
#.7.###.}.#.#.####.#.........#
.#.#.###.#..# #.####......#
.####.####..# ###'####......+
#.##.}.##.#.# #.......##.#..#
...##.##.##.#
#.......##....####
###..#......#
+.......#####.....
#.....##..#.##.......# ##.###
#.....# #....w@......# #.###
#.....# #....#.......# #....
###.....# #....+.........
####. ........#
#....########## #.
............ ... #.
...######## #. ...# #. ...# #.
### #.


You could see a worm.

Vanquished Creatures
  A bat (D:1)
  3 endoplasms (D:1)
  3 hobgoblins (D:1)
  7 jackals (D:1)
  3 quokkas (D:1)
  4 ball pythons
  2 frilled lizards (D:1)
  A goblin (D:1)
  3 kobolds (D:1)
  3 rats
30 creatures vanquished.

Notes
Turn   | Place    | Note
-------+----------+-------------------------------------------
     0 | D:1      | qw the Tengu Warper began the quest for the Orb.
     0 | D:1      | Reached XP level 1. HP: 12/12 MP: 4/4
     0 | D:1      | 0 ||| qw: Version: 0.1-a-89-g26bdef1
     0 | D:1      | 0 ||| qw: Game counter: 2724
     0 | D:1      | 0 ||| qw: Always use a shield: true
     0 | D:1      | 0 ||| qw: God list: Okawaru
     0 | D:1      | 0 ||| qw: Allow faded altars: false
     0 | D:1      | 0 ||| qw: Do Orc after D:15 true
     0 | D:1      | 0 ||| qw: Do second Lair branch before Depths: true
     0 | D:1      | 0 ||| qw: Lair rune preference: random
     0 | D:1      | 0 ||| qw: Plans: Normal
     0 | D:1      | 0 ||| PLANNING D:1-11
     6 | D:1      | 6 ||| Stepping ~*~*~tactically~*~*~ (stealth).
     8 | D:1      | 8 ||| Stepping ~*~*~tactically~*~*~ (stealth).
    26 | D:1      | Reached XP level 2. HP: 15/17 MP: 6/6
    68 | D:1      | Found Jaxi's General Store.
    73 | D:1      | 73 ||| SHOPLISTING +0 club (14 gold, have 0).
    73 | D:1      | 73 ||| SHOPLISTING potion of mutation (112 gold, have 0).
    73 | D:1      | 73 ||| SHOPLISTING scroll of enchant weapon (105 gold, have
                  | 0).
    73 | D:1      | 73 ||| SHOPLISTING scroll of identify (28 gold, have 0).
    95 | D:1      | 95 ||| Stepping ~*~*~tactically~*~*~ (stealth).
    97 | D:1      | 97 ||| Stepping ~*~*~tactically~*~*~ (stealth).
    98 | D:1      | 98 ||| Stepping ~*~*~tactically~*~*~ (stealth).
   114 | D:1      | Reached skill level 3 in Axes
  1069 | D:1      | Reached XP level 3. HP: 17/21 MP: 7/7
  1347 | D:1      | Reached skill level 4 in Axes
  1541 | D:1      | 1541 ||| UPGRADING to +0 ring mail.
  1551 | D:1      | 1551 ||| DROPPING +0 leather armour.
  1552 | D:1      | 1552 ||| DROPPING amulet of magic regeneration.
  1553 | D:1      | 1553 ||| READING scroll labelled KOIMIGGYEKK.
  1554 | D:1      | 1554 ||| READING scroll labelled MAD BO PESH.
  1555 | D:1      | 1555 ||| DROPPING scroll of blinking.
  1850 | D:2      | HP: 5/21 [worm (7)]
  1853 | D:2      | Slain by a worm

Levels and vault maps discovered:
D:1:      grunt_arrival_crossed_arrows, layout_loops_corners, serial_shops,
          nicolae_shop_hallway_plus
D:2:      layout_basic, grunt_decor_mini_mirrors, minivault_25

Skill      XL: |  1  2  3 |
---------------+----------+-----
Axes           | 3 4 |  4.0
Fighting       | |  2.0
Throwing       | |  1.0
Armour         | |  1.1
Dodging        | |  2.1
Spellcasting   | |  2.0
Translocations | |  2.4

Action                   || total
-------------------------++-------
Melee: Hand axe          ||    65
       Kick              ||    12
       Peck              ||     9
Throw: Boomerang         ||     7
  Use: Scroll            ||     2
Armor: Leather armour    ||    14
Dodge: Dodged            ||    29

Table legend:
 A = Non-vault XP
 B = Vault XP
 C = Vault XP percentage of total XP
 D = Non-vault monster count
 E = Vault monster count
 F = Vault count percentage of total count
                 A         B        C        D         E       F
            +---------+---------+-------+---------+---------+-------
      Total |      48 |       0 |   0.0 |      30 |       0 |   0.0
            +---------+---------+-------+---------+---------+-------
        D:1 |      45 |       0 |   0.0 |      27 |       0 |   0.0
        D:2 |       3 |       0 |   0.0 |       3 |       0 |   0.0
            +---------+---------+-------+---------+---------+-------
